AoeStats
← Coyunto90

Four Lakes

508030637Analyzed
1v1 RM · 12d ago on Sep 20, 2026· 36m 2s· 2 players
Game mode
Random Map
Map size
Tiny (2 player)
Population
200
Speed
Normal
Resources
Standard
Victory
Conquest
Starting age
Dark Age
Ending age
Imperial Age
RankedLock teamsTeams togetherTeam positionsShared explorationLock speedFull tech treeHidden civsTurbo modeCheats
Victory
Defeat
🇪🇸 Japanese · Spain
1122
+16
🇪🇸 Persians · Spain
1125
-16
Coyunto90
8:40 Loom
10:57 Feudal Age
11:27 Double-Bit Axe
17:42 Castle Age
17:03 Fishing Lines
18:47 Gillnets
20:22 Bow Saw
23:35 Fletching
24:17 Town Watch
25:09 Wheelbarrow
28:35 Town Watch
33:41 Imperial Age
32:47 Pikeman
33:29 Scale Mail Armor
34:03 Guard Tower
35:46 Keep
34:58 Arrowslits
35:36 Bodkin Arrow
35:55 Medium Warships
36:04 Murder Holes
36:35 Chain Mail Armor
36:35 Yasama
egoitzmd
6:05 Loom
9:08 Feudal Age
9:28 Town Watch
11:06 Double-Bit Axe
19:50 Gold Mining
24:36 Castle Age
25:10 Bloodlines
35:30 Scale Barding Armor
Connection lost

Rejoining the realm…

Still unreachable

The connection could not be restored.

Session expired

The server has moved on; the page needs a fresh start.